 Dungeon Crawl Stone Soup version 0.20.1-1-g8b1a95d66d (webtiles) character file.

7916 Jynx the Transmogrifier (level 11, -5/86 HPs)
             Began as a Merfolk Transmuter on Dec 30, 2017.
             Was a High Priest of Okawaru.
             Slain by a wolf (6 damage)
             ... led by Grum
             ... on level 9 of the Dungeon.
             The game lasted 00:25:41 (10819 turns).

Jynx the Transmogrifier (Merfolk Transmuter)       Turns: 10819, Time: 00:25:41

Health: -5/86      AC:  6    Str: 11    XL:     11   Next: 22%
Magic:  12/18      EV: 17    Int: 12    God:    Okawaru [*****.]
Gold:   441        SH:  0    Dex: 18    Spells: 5/20 levels left

rFire    . . .     SeeInvis +     - Unarmed
rCold    . . .     Gourm    .   (shield currently unavailable)
rNeg     . . .     Faith    .   y - +2 robe {MR+}
rPois    .         Spirit   .   (no helmet)
rElec    .         Reflect  .   (no cloak)
rCorr    .         Harm     .   (gloves currently unavailable)
MR       +....                  l - +1 pair of boots
Stlth    ++........             (no amulet)
Regen    0.3/turn               v - ring of wizardry
MPRegen  0.2/turn               j - ring of see invisible

@: about to teleport, blade hands (expiring)
A: change form in water, swift swim, stealthy swim
a: End Transformation, Heroism, Finesse, Renounce Religion


You were on level 9 of the Dungeon.
You worshipped Okawaru.
Okawaru was extremely pleased with you.
You were very hungry.
You had blades for hands.
You visited 2 branches of the dungeon, and saw 10 of its levels.

You collected 441 gold pieces.

Inventory:

Missiles
 a - 83 arrows
Armour
 i - a +2 pair of gloves (melded)
 l - a +1 pair of boots (worn)
 y - a +2 robe of magic resistance (worn)
Jewellery
 j - a ring of see invisible (right scythe-like blade)
 v - a ring of wizardry (left scythe-like blade)
Wands
 p - a wand of disintegration (17/24)
 r - a wand of random effects (18/48)
 t - a wand of flame (22/48)
 C - a wand of polymorph (13/24)
Scrolls
 b - 2 scrolls of fog
 e - 5 scrolls of teleportation
 n - a scroll of enchant weapon
 z - a scroll of remove curse
 D - a scroll of recharging
Potions
 f - 2 potions of lignification
 k - 3 potions of might
 m - a potion of degeneration {unknown}
 o - 3 potions of flight
 s - 3 potions of mutation
 u - a potion of cancellation {unknown}
 w - a potion of berserk rage {unknown}
 B - a potion of agility {unknown}
Books
 c - a book of Changes

   Spells                             Type                      Level
   a - Beastly Appendage              Transmutation                1
   b - Sticks to Snakes               Transmutation                2
   c - Spider Form                    Transmutation/Poison         3
   d - Ice Form                       Ice/Transmutation            4
   e - Blade Hands                    Transmutation                5
 x - a book of Maledictions

   Spells                             Type                      Level
   a - Corona                         Hexes                        1
   b - Ensorcelled Hibernation        Hexes/Ice                    2
   c - Confuse                        Hexes                        3
   d - Tukima's Dance                 Hexes                        3
   e - Dazzling Spray                 Conjuration/Hexes            3
Comestibles
 d - 6 bread rations
 g - 4 royal jellies
 h - 3 meat rations
 A - 2 fruits


   Skills:
 + Level 8.0 Fighting
 + Level 7.2 Dodging
 + Level 8.8 Unarmed Combat
 - Level 5.0 Spellcasting
 * Level 14.0 Transmutations
 - Level 3.2 Ice Magic


You had 5 spell levels left.
You knew the following spells:

 Your Spells              Type           Power        Failure   Level  Hunger
a - Beastly Appendage     Tmut           #####.       2%          1    None
b - Sticks to Snakes      Tmut           #####...     2%          2    ##.....
c - Spider Form           Tmut/Pois      ###.......   11%         3    ###....
d - Blade Hands           Tmut           #####.....   9%          5    ######.
e - Ice Form              Ice/Tmut       ###.....     16%         4    ####...


Dungeon Overview and Level Annotations

Branches:
Dungeon (9/15)             Temple (1/1) D:4
   Lair: D:8-11         Orc: D:9-12

Altars:
Ashenzari
Cheibriados
Dithmenos
Elyvilon
Fedhas
Gozag
Hepliaklqana
Kikubaaqudgha
Makhleb
Nemelex Xobeh
Okawaru
Qazlal
Ru
Sif Muna
Trog
Uskayaw
Vehumet
Xom
Yredelemnul
Zin
The Shining One
Beogh


Message History

The wolf misses you.
Unknown command.
You barely miss the wolf. The wolf closely misses you. The wolf bites you.
* * * LOW HITPOINT WARNING * * *
The wolf barely misses you.
Unknown command.
Okay, then.
Okay, then.
Unknown command.
Okay, then.
Unknown command.
Unknown command.
As you read the scroll of teleportation, it crumbles to dust.
You feel strangely unstable. The wolf closely misses you. The wolf misses you.
The wolf bites you.
* * * LOW HITPOINT WARNING * * *
The wolf bites you.
* * * LOW HITPOINT WARNING * * *
The wolf bites you.
You die...

#.................
#.................
#.................
#.................
#.................
#.................
#.................
#.................
#@................
#hh...............
+########W.......≈≈≈....<.
........)........≈≈≈......
.................≈≈≈......
.....≈≈≈..................
.....≈≈≈).................
h....≈≈≈..................
W.$.........###...........


You could see a phantom and 2 wolves.

Vanquished Creatures
  2 two-headed ogres
  Erica (D:9)
  Pikel (D:8)
  Psyche (D:8)
  A troll (D:9)
  2 hippogriffs
  A wyvern (D:8)
  A steam dragon (D:9)
  Grum (D:9)
  2 sky beasts (D:8)
  2 slaves (D:8)
  A black bear (D:9)
  5 orc warriors
  An ice beast (D:8)
  A phantom (D:9)
  A wolf (D:9)
  7 ogres
  2 centaurs
  A big kobold (D:8)
  5 bullfrogs
  2 scorpions
  13 wights
  A vampire bat (D:4)
  A howler monkey (D:5)
  An electric eel (D:9)
  A bullfrog zombie (D:8)
  2 bullfrog skeletons
  4 hounds
  5 orc priests
  A centaur skeleton (D:5)
  Ijyb (D:4)
  3 iguanas
  7 worker ants
  4 orc wizards
  A worker ant zombie (D:7)
  7 gnolls
  6 adders
  A shadow imp (D:7)
  3 oozes
  A worm (D:3)
  2 dart slugs (D:1)
  3 fire bats (D:4)
  4 leopard geckos
  34 orcs
  2 spectral bats (D:4)
  3 bat skeletons (D:4)
  A bat zombie (D:4)
  5 giant cockroaches
  5 hobgoblins
  6 jackals
  11 kobolds
  4 quokkas
  2 ball pythons
  20 bats
  A bat simulacrum (D:4)
  8 frilled lizards
  11 goblins
  3 rats
  A spectral orc (D:3)
230 creatures vanquished.

Vanquished Creatures (collateral kills)
  Grinder (D:4)
  An ogre (D:4)
  A phantom (D:4)
  A bullfrog (D:4)
  An orc priest (D:7)
  Robin (D:2)
  2 worms
  An orc (D:7)
  A goblin (D:2)
  A hobgoblin (D:2)
  A leopard gecko skeleton (D:4)
12 creatures vanquished.

Vanquished Creatures (others)
  A slave (D:8)
  A phantom (D:8)
  A bullfrog (D:8)
  A bullfrog zombie (D:8)
  An adder (D:8)
  2 orcs (D:8)
7 creatures vanquished.

Grand Total: 249 creatures vanquished

Notes
Turn   | Place    | Note
-------+----------+-------------------------------------------
     0 | D:1      | Jynx the Merfolk Transmuter began the quest for the Orb.
     0 | D:1      | Reached XP level 1. HP: 15/15 MP: 3/3
    25 | D:1      | Reached skill level 3 in Transmutations
   142 | D:1      | Reached XP level 2. HP: 16/21 MP: 5/5
   383 | D:1      | Reached skill level 4 in Transmutations
   530 | D:1      | Reached XP level 3. HP: 19/26 MP: 4/6
  1113 | D:2      | Learned a level 2 spell: Sticks to Snakes
  1117 | D:2      | Learned a level 3 spell: Spider Form
  1348 | D:2      | Noticed Robin
  1359 | D:2      | Reached skill level 5 in Transmutations
  1366 | D:2      | Reached XP level 4. HP: 25/32 MP: 1/7
  1371 | D:2      | Killed Robin
  1872 | D:3      | Found a sacrificial altar of Ru.
  1900 | D:3      | Reached XP level 5. HP: 30/37 MP: 7/9
  2264 | D:3      | Reached skill level 6 in Transmutations
  2345 | D:3      | Found a basalt altar of Yredelemnul.
  2587 | D:4      | Found a staircase to the Ecumenical Temple.
  2596 | Temple   | Entered the Ecumenical Temple
  3097 | D:4      | Noticed Ijyb
  3142 | D:4      | Killed Ijyb
  3142 | D:4      | Reached XP level 6. HP: 28/44 MP: 10/10
  3379 | D:4      | Noticed Grinder
  3488 | D:4      | Killed Grinder
  3488 | D:4      | Reached skill level 7 in Transmutations
  3694 | D:4      | Reached XP level 7. HP: 46/51 MP: 6/12
  3727 | D:4      | Learned a level 5 spell: Blade Hands
  4387 | D:4      | Reached skill level 8 in Transmutations
  5106 | D:5      | Entered Level 5 of the Dungeon
  5180 | D:5      | Reached XP level 8. HP: 46/60 MP: 11/13
  5299 | D:5      | Found an iron altar of Okawaru.
  5407 | D:5      | Became a worshipper of Warmaster Okawaru
  5629 | D:4      | Learned a level 4 spell: Ice Form
  5635 | D:5      | Reached skill level 5 in Unarmed Combat
  5996 | D:5      | Reached skill level 9 in Transmutations
  6707 | D:5      | Reached skill level 1 in Ice Magic
  7100 | D:6      | Found a shimmering altar of Xom.
  7101 | D:6      | Found a hazy altar of Hepliaklqana.
  7102 | D:6      | Noticed a spectral ugly thing
  7968 | D:7      | Reached * piety under Okawaru
  7968 | D:7      | Reached XP level 9. HP: 56/66 MP: 10/16
  8043 | D:7      | Reached skill level 10 in Transmutations
  8144 | D:7      | Reached skill level 5 in Fighting
  8466 | D:7      | Reached skill level 5 in Spellcasting
  8914 | D:8      | Reached skill level 11 in Transmutations
  8927 | D:8      | Noticed Pikel
  8964 | D:8      | Killed Pikel
  8964 | D:8      | Reached ** piety under Okawaru
  9177 | D:8      | Reached XP level 10. HP: 76/76 MP: 9/17
  9194 | D:8      | Reached skill level 12 in Transmutations
  9405 | D:8      | Reached skill level 5 in Dodging
  9706 | D:8      | Noticed Psyche
  9752 | D:8      | Found a roughly hewn altar of Beogh.
  9752 | D:8      | Found a snail-covered altar of Cheibriados.
  9762 | D:8      | Killed Psyche
  9762 | D:8      | Reached *** piety under Okawaru
  9785 | D:8      | Found a shadowy altar of Dithmenos.
  9822 | D:8      | Noticed a two-headed ogre
  9828 | D:8      | Killed a two-headed ogre
  9945 | D:9      | Reached skill level 13 in Transmutations
 10178 | D:9      | Noticed a two-headed ogre
 10187 | D:9      | Killed a two-headed ogre
 10187 | D:9      | Reached **** piety under Okawaru
 10187 | D:9      | Reached XP level 11. HP: 42/85 MP: 10/18
 10785 | D:9      | Noticed Grum
 10794 | D:9      | Noticed Erica
 10799 | D:9      | Killed Grum
 10804 | D:9      | Killed Erica
 10804 | D:9      | Reached ***** piety under Okawaru
 10804 | D:9      | Reached skill level 14 in Transmutations
 10818 | D:9      | HP: 3/86 [wolf[Grum] (3)]
 10819 | D:9      | HP: 1/86 [wolf[Grum] (3)]
 10819 | D:9      | Slain by a wolf

Skill      XL: |  1  2  3  4  5  6  7  8  9 10 11 |
---------------+----------------------------------+-----
Transmutations | 3 4 5 6 7 8 9 11 13 14 | 14.0
Fighting       | 2 3 4 6 7 8 |  8.0
Spellcasting   | 3 4 5 |  5.0
Unarmed Combat | 4 5 7 8 |  8.8
Ice Magic      | 2 3 |  3.2
Dodging        | 4 6 7 |  7.2

Action                   |  1- 3 |  4- 6 |  7- 9 | 10-12 || total
-------------------------+-------+-------+-------+-------++-------
Melee: Unarmed           |   153 |   181 |   355 |   172 ||   861
       Headbutt          |    20 |    29 |    53 |     1 ||   103
       Punch             |     1 |     1 |     6 |     8 ||    16
 Cast: Beastly Appendage |    27 |    26 |    36 |     6 ||    95
       Sticks to Snakes  |     6 |    10 |    15 |       ||    31
       Blade Hands       |       |       |    18 |    19 ||    37
       Spider Form       |       |       |       |     1 ||     1
Invok: Heroism           |       |       |     5 |     7 ||    12
  Use: Scroll            |     6 |     5 |     7 |     1 ||    19
       Potion            |     1 |       |     1 |     2 ||     4
 Stab: Distracted        |     1 |       |     1 |       ||     2
       Sleeping          |       |     2 |     3 |       ||     5
       Paralysed         |       |     1 |       |       ||     1
  Eat: Chunk             |     2 |     9 |    24 |    11 ||    46
       Fruit             |       |       |     1 |       ||     1
Armor: Robe              |    38 |    58 |   139 |    28 ||   263
       Skin              |       |       |       |     1 ||     1
Dodge: Dodged            |   125 |   126 |   277 |   184 ||   712
